 Dungeon Crawl Stone Soup version 0.26.0-10-g1f06aea511 (webtiles) character file.

Game seed: 5946862659215049627

2743 Borgoz the Slasher (level 9, -2/75 HPs)
             Began as a Ghoul Gladiator on Jan 14, 2021.
             Was a Believer of Ashenzari.
             Splashed by an acid dragon's acid (11 damage)
             ... on level 7 of the Dungeon.
             The game lasted 00:11:34 (8284 turns).

Borgoz the Slasher (Ghoul Gladiator)                Turns: 8284, Time: 00:11:35

Health: -2/75      AC:  2    Str: 18    XL:     9   Next: 68%
Magic:  0/8        EV: 15    Int:  3    God:    Ashenzari [**....]
Gold:   393        SH:  0    Dex: 13    Spells: 8/8 levels left

rFire    . . .     SeeInvis .   a - +2 long sword
rCold    + . .     Faith    .   (no shield)
rNeg     + + +     Spirit   +   b - +0 leather armour
rPois    ∞         Reflect  .   c - +1 helmet
rElec    .         Harm     .   (no cloak)
rCorr    .         Rampage  .   (no gloves)
Will     +....                  (no boots)
Stlth    ++........             u - amulet of guardian spirit
HPRegen  0.00/turn              f - ring of stealth
MPRegen  0.11/turn              m - ring of willpower

@: corroded
A: claws 1, cold resistance 1, negative energy resistance 3, inhibited
regeneration, torment resistance, unbreathing
a: Renounce Religion, Curse Item, Scrying


You were on level 7 of the Dungeon.
You worshipped Ashenzari.
Ashenzari was pleased with you.
You visited 1 branch of the dungeon, and saw 7 of its levels.
You also visited: Sewer.

You collected 393 gold pieces.

Inventory:

Hand Weapons
 a - a +2 long sword (weapon)
Armour
 b - a +0 leather armour (worn)
 c - a +1 helmet (worn)
Jewellery
 f - a ring of stealth (left claw)
 m - a ring of willpower (right claw)
 u - an amulet of guardian spirit (around neck)
Wands
 i - a wand of flame (12)
 s - a wand of digging (3)
Scrolls
 d - a scroll of enchant weapon
 h - 4 scrolls of remove curse
 j - 3 scrolls of teleportation
 l - a scroll of magic mapping
Potions
 e - 3 potions of might
 g - 2 potions of heal wounds
 k - 3 potions of curing
 n - a potion of attraction {unknown}
 p - 2 potions of lignification {unknown}
 q - a potion of flight
 r - a potion of haste
 t - 5 potions of magic


   Skills:
 + Level 5.9 Fighting
 * Level 7.2 Long Blades
 - Level 1.7 Throwing
 * Level 6.4 Armour
 * Level 6.2 Dodging


You had 8 spell levels left.
You didn't know any spells.
Your spell library contained the following spells:

 Spells                   Type           Power        Failure   Level
 Animate Skeleton         Necr           0%           56%         1
 Pain                     Necr           0%           56%         1
 Vampiric Draining        Necr           0%           91%         3
 Animate Dead             Necr           0%           100%        4
 Agony                    Necr           0%           100%        5


Dungeon Overview and Level Annotations

Branches:
Dungeon (7/15)             Temple (0/1) D:4           Sewer (visited)

Altars:
Ashenzari
Dithmenos
Fedhas
Kikubaaqudgha
Makhleb
Okawaru
Ru
Yredelemnul

Shops:
D:4 =}

Annotations:
D:7 Pikel


Innate Abilities, Weirdness & Mutations

You thrive by killing the living.
You are immune to poison.
You have sharp fingernails.
Your flesh is cold resistant. (rC+)
You are immune to negative energy. (rN+++)
You do not regenerate when monsters are visible.
You are immune to unholy pain and torment.
You can survive without breathing.


Message History

The jelly quivers.
You hit the ogre.
The ogre is lightly wounded.
The orc hits you with a +0 dagger.
* * * LOW HITPOINT WARNING * * *
The lemure hits you.
* * * LOW HITPOINT WARNING * * *
The orc hits you but does no damage.
You enter the shallow water.
Moving in this stuff is going to be slow.
An orc comes into view. It is wielding a +0 flail.
The orc misses you. x2; The ogre misses you.
You riposte.
Your unstable footing causes you to fumble your attack.
The acid dragon roars!
The orc shouts!
You hear a bark!
A shadow imp comes into view.
The acid dragon spits acid at you. The splash of acid hits you!
* * * LOW HITPOINT WARNING * * *
The acid corrodes you!
You are splashed with acid!
You die...

, , , , ......... .. , *
......... ..5D., , .....o...
..... ,, ........###....## *
................. , *
.................
......o..........
.......@..........##
##..≈≈≈≈≈≈≈≈≈..........#
#...≈≈≈≈≈≈≈≈oO5........# .
#...≈##+++##≈.o........ ...
#...≈# ,{#≈.........# ....
#...≈#∩ , #Z..J......# ...:
#...≈#######≈.........# ....
#...≈≈≈Z≈O≈≈≈.........###...
#...........................


You could see an acid dragon (catching breath), an ogre, a lemure, a jelly, a
shadow imp (wandering), 4 orcs and a worker ant zombie.

Vanquished Creatures
  Grinder (D:3)
  An ice beast (D:6)
  A black bear (D:6)
  A phantom (D:6)
  5 ogres
  6 centaurs
  Blork the orc (D:5)
  2 bullfrogs (D:6)
  A water moccasin skeleton (D:6)
  4 scorpions
  4 wights (D:6)
  A howler monkey (D:4)
  4 hounds
  3 orc wizards
  An orc priest (D:6)
  A jelly (D:6)
  A bullfrog skeleton (D:6)
  Ijyb (D:5)
  3 worker ants
  2 gnolls
  15 adders
  A shadow imp (D:5)
  A white imp (D:5)
  2 ufetubi
  2 oozes
  An adder zombie (D:5)
  2 worms
  2 adder skeletons
  4 dart slugs
  7 leopard geckos
  14 orcs
  5 ball pythons (Sewer)
  10 giant cockroaches
  10 goblins
  10 hobgoblins
  16 jackals
  14 kobolds
  4 quokkas
  10 bats
  5 frilled lizards
  A leopard gecko skeleton (D:5)
  6 rats
186 creatures vanquished.

Vanquished Creatures (others)
  2 fungi
  18 plants (Sewer)
20 creatures vanquished.

Grand Total: 206 creatures vanquished

Notes
Turn   | Place    | Note
-------+----------+-------------------------------------------
     0 | D:1      | Borgoz the Ghoul Gladiator began the quest for the Orb.
     0 | D:1      | Reached XP level 1. HP: 17/17 MP: 0/0
   129 | D:1      | Reached XP level 2. HP: 16/25 MP: 1/1
   256 | D:1      | Reached skill level 3 in Long Blades
   260 | D:1      | Reached skill level 1 in Armour
   338 | D:1      | Reached XP level 3. HP: 18/30 MP: 2/2
  1460 | D:2      | Reached XP level 4. HP: 33/37 MP: 3/3
  1462 | D:2      | Found an iron altar of Okawaru.
  1504 | D:2      | Found a broken altar of Ashenzari.
  1518 | D:2      | Became a worshipper of Ashenzari the Shackled
  1554 | D:2      | Found a blossoming altar of Fedhas.
  1555 | D:2      | Found a basalt altar of Yredelemnul.
  2005 | D:3      | Reached XP level 5. HP: 41/45 MP: 4/4
  2221 | D:3      | Noticed Grinder
  2242 | D:3      | Killed Grinder
  2243 | D:3      | Reached skill level 4 in Long Blades
  2243 | D:3      | Reached XP level 6. HP: 27/51 MP: 5/5
  2652 | D:3      | Found a sacrificial altar of Ru.
  3169 | D:4      | Reached XP level 7. HP: 27/58 MP: 6/6
  3207 | D:4      | Found a burning altar of Makhleb.
  3226 | D:4      | Found Wozxeig's Jewellery Boutique.
  3253 | D:4      | Got the cursed rapier "Ogoivo" {flame, rElec rC+ rN+ Dex-2}
  3301 | D:4      | Identified the cursed +1 rapier "Ogoivo" {flame, rElec rC+
                  | rN+ Dex-2} (You found it on level 4 of the Dungeon)
  3312 | D:4      | Reached skill level 5 in Long Blades
  3355 | D:4      | Found a staircase to the Ecumenical Temple.
  3420 | D:4      | Reached XP level 8. HP: 35/67 MP: 7/7
  3501 | D:4      | Found a glowing drain.
  3612 | Sewer    | Entered a sewer
  3783 | Sewer    | Reached * piety under Ashenzari
  4665 | D:4      | Found a burning altar of Makhleb.
  4707 | D:4      | Found Ranos's Gadget Shop.
  4928 | D:5      | Entered Level 5 of the Dungeon
  4991 | D:5      | Found a shadowy altar of Dithmenos.
  5348 | D:5      | Noticed Ijyb
  5364 | D:5      | Killed Ijyb
  5532 | D:5      | Noticed Blork the orc
  5553 | D:5      | Killed Blork the orc
  5638 | D:5      | Reached skill level 5 in Armour
  5669 | D:5      | Reached skill level 6 in Long Blades
  5853 | D:5      | Reached skill level 5 in Fighting
  5853 | D:5      | Reached skill level 5 in Dodging
  6240 | D:6      | Found a blossoming altar of Fedhas.
  6268 | D:6      | Reached XP level 9. HP: 37/74 MP: 3/8
  7232 | D:6      | Reached skill level 7 in Long Blades
  7577 | D:6      | Reached ** piety under Ashenzari
  8017 | D:6      | Found an ancient bone altar of Kikubaaqudgha.
  8206 | D:7      | Noticed Pikel
  8284 | D:7      | Splashed by an acid dragon's acid

Illustrated notes

Levels and vault maps discovered:
D:1:      dpeg_cavernosity, layout_basic
D:2:      layout_rooms, chequers_temple_overflow_statue_of_worship,
          ashenzari_altar_1, minivault_24, okawaru_gym_becter
D:3:      layout_basic, nicolae_ru_sacrificial_ziggurat, serial_curves,
          eino_curves_02, eino_curves_03, minmay_misc_feat_room,
          dk_noncrumbling_3, minivault_27, uniq_grinder
D:4:      layout_rooms, makhleb_heckhound_becter, minmay_temple_entry_slanted,
          serial_shops, nicolae_shop_behind_doors, gup_sewer_entry_bubbles,
          minmay_shop_enchanted_jewellery, minmay_ruined_shrine
D:5:      layout_basic, grunt_dithmenos_shadows, uniq_blork_the_orc, uniq_ijyb
D:6:      kennysheep_big_flooded_room, layout_basic, basic_altar, fedhas_altar_3
D:7:      layout_basic, enter_bailey_4, uniq_pikel

Skill      XL: |  1  2  3  4  5  6  7  8  9 |
---------------+----------------------------+-----
Long Blades    | 3 4 5 6 7 |  7.2
Armour         | 1 2 3 4 5 6 |  6.4
Dodging        | 3 4 5 6 |  6.2
Fighting       | 3 4 5 |  5.9
Throwing       | |  1.7

Action                   |  1- 3 |  4- 6 |  7- 9 || total
-------------------------+-------+-------+-------++-------
Melee: Long sword        |    83 |   134 |   415 ||   632
       Rapier            |       |       |   110 ||   110
Throw: Throwing net      |       |       |     4 ||     4
  Use: Scroll            |       |     9 |    10 ||    19
       Potion            |       |     3 |     5 ||     8
 Stab: Sleeping          |     4 |     3 |     4 ||    11
       Distracted        |       |       |     1 ||     1
Armor: Leather armour    |    24 |    36 |   123 ||   183
Dodge: Dodged            |    67 |   129 |   444 ||   640
       Rpst.: Long sword |    16 |    39 |    98 ||   153
